 Dungeon Crawl Stone Soup version 0.26.1-11-gd32895ea62 (webtiles) character file.

Game seed: 7891529230891642831

338 Eitelfritz the Slasher (level 6, -2/52 HPs)
             Began as a Minotaur Gladiator on July 16, 2021.
             Killed from afar by an orc wizard (4 damage)
             ... with a magic dart
             ... on level 4 of the Dungeon.
             The game lasted 00:08:38 (3957 turns).

Eitelfritz the Slasher (Minotaur Gladiator)         Turns: 3957, Time: 00:08:39

Health: -2/52      AC:  6    Str: 18    XL:     6   Next: 29%
Magic:  5/5        EV: 11    Int:  7    God:
Gold:   233        SH:  0    Dex: 12    Spells: 5/5 levels left

rFire    + . .     SeeInvis .   a - +0 long sword
rCold    + . .     Faith    .   (no shield)
rNeg     . . .     Spirit   .   n - +0 scale mail
rPois    .         Reflect  .   c - +0 hat
rElec    .         Harm     .   p - scarf {rC+ rF+}
rCorr    .         Rampage  .   (no gloves)
Will     .....                  (no boots)
Stlth    ..........             (no amulet)
HPRegen  0.17/turn              (no ring)
MPRegen  0.09/turn              (no ring)

@: no status effects
A: retaliatory headbutt, horns 2
a: no special abilities


You were on level 4 of the Dungeon.
You visited 1 branch of the dungeon, and saw 4 of its levels.

You collected 233 gold pieces.

Inventory:

Hand Weapons
 a - a +0 long sword (weapon)
Missiles
 d - 3 throwing nets
 k - 19 poisoned darts (quivered)
Armour
 c - a +0 hat (worn)
 n - a +0 scale mail (worn)
 p - a scarf of resistance (worn)
Wands
 g - a wand of flame (18)
Scrolls
 b - 2 scrolls of blinking
 e - a scroll of amnesia
 m - a scroll of remove curse
Potions
 h - 2 potions of attraction
 i - 2 potions of curing
 l - a potion of mutation {unknown}
 o - a potion of lignification {unknown}
 r - a potion of flight {unknown}


   Skills:
 + Level 4.0 Fighting
 + Level 6.2 Long Blades
 + Level 2.1 Throwing
 + Level 3.4 Armour
 + Level 4.1 Dodging
 + Level 0.4 Stealth


You had 5 spell levels left.
You didn't know any spells.
Your spell library was empty.

Dungeon Overview and Level Annotations

Branches:
Dungeon (4/15)
 Temple: D:4-7

Altars:
Ashenzari
Ru
Sif Muna
Uskayaw
Zin

Annotations:
D:4 Dowan, Duvessa


Innate Abilities, Weirdness & Mutations

You reflexively headbutt those who attack you in melee.
You have a pair of horns on your head.


Message History

The orc hits you with a +0 mace.
* * * LOW HITPOINT WARNING * * *
Something hits you but does no damage.
Duvessa, Sister of Dowan comes into view.
She is wielding a +0 short sword.
You hit the orc priest.
The orc priest is moderately wounded.
The orc barely misses you.
You riposte.
You hit the orc but do no damage. Your headbutt misses the orc.
The orc priest hits you.
* * * LOW HITPOINT WARNING * * *
You hear some strange, mumbled words.
A magic dart appears from out of thin air!
The magic dart hits you!
* * * LOW HITPOINT WARNING * * *
You closely miss the orc priest.
The orc priest is moderately wounded.
The orc priest hits you but does no damage.
You hear some strange, mumbled words.
A magic dart appears from out of thin air!
The magic dart hits you.
You die...

......†####.......##
....>...###........#.#
...................#.#.
......####.............
........##..........#..
........)##..........
......#...#........#
......##..##.###.#..
......# #......{@#
......# ##...#.oo#
.....## ###..#.oo...
#.....##.... #..##...
.e... .... .$?.. .o..
.#?###.......e. #...
..........


You could see Duvessa, Dowan, an orc priest, an orc wizard and 3 orcs.

Vanquished Creatures
  2 hounds
  An orc priest (D:4)
  A worker ant (D:4)
  3 gnolls
  8 adders
  An ooze (D:3)
  4 worms
  2 dart slugs (D:2)
  4 leopard geckos
  12 orcs
  2 ball pythons (D:1)
  6 giant cockroaches
  7 goblins
  13 hobgoblins
  6 jackals
  4 kobolds
  2 quokkas
  4 bats
  3 frilled lizards
  7 rats
92 creatures vanquished.

Notes
Turn   | Place    | Note
-------+----------+-------------------------------------------
     0 | D:1      | Eitelfritz the Minotaur Gladiator began the quest for the
                  | Orb.
     0 | D:1      | Reached XP level 1. HP: 18/18 MP: 0/0
   352 | D:1      | Reached XP level 2. HP: 25/25 MP: 1/1
   370 | D:1      | Reached skill level 4 in Long Blades
  1210 | D:2      | Reached skill level 1 in Armour
  1210 | D:2      | Reached XP level 3. HP: 19/31 MP: 2/2
  1782 | D:2      | Reached XP level 4. HP: 38/38 MP: 3/3
  1875 | D:2      | Found a glowing silver altar of Zin.
  1920 | D:2      | Found a broken altar of Ashenzari.
  1923 | D:2      | Found a hide-covered altar of Uskayaw.
  1926 | D:2      | Found a shimmering blue altar of Sif Muna.
  2067 | D:2      | Reached skill level 5 in Long Blades
  2067 | D:2      | Reached XP level 5. HP: 36/45 MP: 4/4
  2290 | D:2      | Found a sacrificial altar of Ru.
  3851 | D:4      | Reached skill level 6 in Long Blades
  3851 | D:4      | Reached XP level 6. HP: 52/52 MP: 5/5
  3953 | D:4      | Noticed Dowan
  3955 | D:4      | Noticed Duvessa
  3956 | D:4      | HP: 2/52 [something/magic dart (8)]
  3957 | D:4      | Killed from afar by an orc wizard

Illustrated notes

Levels and vault maps discovered:
D:1:      ncdulo_lavacross, layout_loops_corners
D:2:      layout_rooms, grunt_temple_overflow_cloverleaf,
          lemuel_coloured_pillars_altar
D:3:      minmay_razor_zed, layout_basic
D:4:      layout_rooms, minmay_temple_entry_slanted, serial_shops,
          nicolae_shop_stone, fedhas_altar_4, uniq_ijyb, uniq_duvessa

Skill      XL: |  1  2  3  4  5  6 |
---------------+-------------------+-----
Fighting       | 3 4 |  4.0
Long Blades    | 4 5 6 |  6.2
Armour         | 1 2 3 |  3.4
Dodging        | 4 |  4.1
Throwing       | |  2.1
Stealth        | |  0.4

Action                   |  1- 3 |  4- 6 || total
-------------------------+-------+-------++-------
Melee: Long sword        |    59 |   124 ||   183
       Headbutt          |     9 |    26 ||    35
Throw: Dart              |       |     3 ||     3
  Use: Scroll            |       |    11 ||    11
       Potion            |       |     2 ||     2
Armor: Leather armour    |    18 |    17 ||    35
       Scale mail        |       |    23 ||    23
Dodge: Dodged            |    47 |   111 ||   158
       Rpst.: Long sword |     9 |    30 ||    39
